Map: 세룰리안 폴 - 래더

Players

INnoVation - Winner!

  • Race: Terran Terran
  • League: Grandmaster
  • Spawn Location: 7:00

Maru

  • Race: Terran Terran
  • League: Master
  • Spawn Location: 1:00

Event: IEM Season 13 - Katowice Server Qualifiers America

VOD

Have the link to the VOD?

Description

Time

  • Played on: Jan. 6, 2019, 4:45 p.m.
  • Length: 13:00

All games in this series

Show
View Real Time Build Order
Export as new Build Order

INnoVation Terran - Winner!

Build Orders: Mech 

Get SALT Encoding   

  12  0:00  SCV  
  13  0:12  SCV  
  14  0:17  Supply Depot  
  14  0:24  SCV  
  15  0:29  Refinery  
  15  0:39  SCV  
  16  0:44  Barracks  
  16  0:51  SCV  
  16  0:55  Refinery  
  17  1:03  SCV  
  18  1:15  SCV  
  19  1:31  Reaper, Orbital Command  
  20  1:34  Factory  
  20  1:46  Supply Depot  
  20  1:56  SCV  
  21  2:03  Reaper  
  22  2:08  SCV  
  23  2:18  Hellion  
  23  2:21  SCV  
  26  2:30  Command Center  
  26  2:33  SCV  
  26  2:36  Reaper  
  27  2:40  Hellion  
  29  2:44  Supply Depot  
  29  2:46  SCV  
  30  2:57  Starport  
  30  3:00  SCV  
  30  3:02  Factory Tech Lab  
  31  3:08  Barracks Tech Lab  
  31  3:13  SCV  
  32  3:24  Cyclone  
  32  3:25  SCV  
  36  3:35  Refinery  
  36  3:37  SCV  
  37  3:41  Orbital Command  
  37  3:42  Raven  
  37  3:49  SCV  
  35  4:01  SCV  
  35  4:08  SCV  
  36  4:13  SCV  
  37  4:20  Command Center, SCV  
  36  4:25  Raven, SCV  
  36  4:29  Refinery  
  39  4:32  SCV, Siege Tank  
  39  4:37  SCV  
  44  4:40  Barracks Reactor  
  44  4:43  Supply Depot  
  44  4:44  SCV  
  45  4:49  SCV  
  46  4:56  SCV  
  47  5:01  SCV  
  47  5:04  Siege Tank  
  51  5:08  SCV  
  51  5:12  Armory  
  51  5:13  SCV  
  53  5:15  Armory  
  53  5:21  SCV  
  54  5:24  Engineering Bay  
  54  5:26  SCV  
  54  5:28  Viking x2  
  59  5:33  SCV  
  59  5:34  Orbital Command  
  60  5:38  SCV  
  60  5:39  Siege Tank  
  64  5:46  SCV  
  65  5:50  SCV  
  65  5:51  Supply Depot  
  66  5:58  Viking x2  
  66  6:00  SCV x2  
  66  6:02  SCV  
  73  6:07  Terran Vehicle Weapons Level 1  
  73  6:10  Terran Vehicle And Ship Armor Level 1  
  73  6:14  SCV x3, Supply Depot  
  73  6:16  Refinery  
  76  6:20  Missile Turret  
  76  6:22  Siege Tank  
  79  6:26  Refinery, Missile Turret  
  79  6:30  SCV x3  
  82  6:34  Sensor Tower  
  82  6:39  Viking  
  82  6:48  SCV x3  
  82  6:55  Siege Tank  
  82  7:00  SCV x3, Supply Depot  
  88  7:01  Supply Depot  
  88  7:09  Factory  
  88  7:10  Factory  
  88  7:12  SCV x3  
  91  7:15  Starport Reactor  
  91  7:23  Supply Depot  
  91  7:24  SCV x3  
  94  7:30  Factory  
  94  7:33  Factory  
  94  7:34  Supply Depot  
  94  7:36  SCV x3  
  97  7:38  Siege Tank  
  97  7:42  Missile Turret  
  100  7:49  SCV x3  
  103  7:56  Command Center, Hellion x2, Siege Tank  
  110  8:04  Missile Turret  
  110  8:11  Terran Vehicle Weapons Level 2, Terran Vehicle And Ship Armor Level 2  
  110  8:13  SCV x2  
  110  8:14  SCV  
  110  8:15  Factory Reactor  
  110  8:16  Factory Tech Lab  
  110  8:17  Hellion x2  
  110  8:19  Supply Depot  
  117  8:25  Siege Tank  
  120  8:28  Missile Turret, Siege Tank  
  120  8:29  Viking  
  125  8:35  Supply Depot x2  
  125  8:38  Missile Turret  
  74  8:41  Viking  
  125  8:42  Infernal Pre-Igniter  
  125  8:44  Missile Turret  
  125  8:46  Missile Turret  
  127  8:49  Hellion x2  
  131  8:56  Siege Tank  
  131  8:57  Siege Tank  
  131  8:58  Hellion x2  
  131  8:59  Supply Depot  
  141  9:04  Siege Tank  
  141  9:07  Viking  
  146  9:10  Hellion  
  146  9:11  Hellion  
  146  9:12  Missile Turret  
  146  9:13  Viking, SCV x3  
  155  9:26  Starport  
  155  9:27  Starport  
  155  9:33  SCV x2  
  155  9:36  Command Center  
  149  9:38  Viking  
  149  9:43  Viking  
  149  9:45  Refinery, SCV x3  
  155  9:46  Refinery  
  155  9:50  Thor  
  155  9:51  Hellion x4  
  169  9:58  Planetary Fortress  
  172  10:04  Missile Turret  
  172  10:06  Starport Reactor x2  
  169  10:08  Viking  
  169  10:13  Missile Turret x2  
  171  10:19  Missile Turret  
  171  10:32  Terran Ship Weapons Level 1  
  171  10:35  Hellion  
  171  10:36  Missile Turret  
  171  10:46  Viking x4, Thor  
  171  10:49  Viking  
  186  10:59  Viking  
  186  11:01  Siege Tank  
  186  11:02  Command Center  
  191  11:07  Command Center  
  191  11:10  Command Center  
  191  11:11  Siege Tank  
  194  11:17  Viking  
  196  11:32  Missile Turret  
  196  11:43  Factory  
  196  11:46  Factory x2  
  196  11:51  Viking  
  196  11:52  Viking  
  196  11:55  Viking  
  196  11:56  Viking  
  196  11:57  Viking  
  196  11:58  Viking  
  192  12:05  Thor  
  192  12:07  Hellion x3  
  173  12:21  Viking  
  173  12:22  Viking, Siege Tank x2  
  181  12:23  Hellion  
  181  12:25  Viking  
  181  12:28  Hellion x2  
  195  12:43  Factory Tech Lab x2, Factory Reactor  
Show
View Real Time Build Order
Export as new Build Order

Maru Terran 

Build Orders: Reaper Expand 

Get SALT Encoding   

  12  0:00  SCV  
  13  0:12  SCV  
  14  0:17  Supply Depot  
  14  0:24  SCV  
  15  0:38  SCV  
  15  0:39  Barracks  
  16  0:43  Refinery  
  16  0:50  SCV  
  17  1:03  SCV  
  18  1:15  SCV  
  19  1:27  Reaper, Orbital Command  
  20  1:43  Command Center  
  20  1:52  SCV  
  21  1:57  Supply Depot  
  21  1:59  Marine  
  22  2:05  SCV  
  23  2:17  Barracks Reactor  
  23  2:19  SCV  
  24  2:31  SCV  
  24  2:32  Command Center  
  24  2:35  Bunker  
  25  2:43  SCV  
  26  2:45  Barracks  
  26  2:53  Marine  
  26  2:54  Marine  
  26  2:55  SCV  
  29  3:01  Orbital Command  
  29  3:07  SCV  
  29  3:10  Refinery  
  29  3:12  Marine  
  31  3:13  Marine  
  31  3:19  Factory  
  32  3:21  SCV  
  33  3:29  SCV  
  33  3:32  Marine  
  33  3:33  Barracks Tech Lab  
  35  3:35  SCV  
  36  3:42  Engineering Bay  
  36  3:44  Orbital Command  
  36  3:46  SCV  
  36  3:47  SCV  
  36  3:48  Marine  
  38  3:51  Marine  
  38  3:56  Marine  
  38  3:57  Stimpack  
  36  4:06  SCV  
  36  4:10  Marine x2  
  36  4:13  SCV  
  36  4:15  Terran Infantry Weapons Level 1  
  38  4:17  SCV  
  38  4:22  SCV  
  39  4:24  Factory Reactor, Starport  
  39  4:27  SCV  
  39  4:30  Marine  
  39  4:31  Marine  
  42  4:32  Marine  
  42  4:37  Barracks  
  43  4:39  SCV  
  43  4:40  SCV  
  43  4:41  SCV  
  46  4:47  Refinery  
  46  4:49  Supply Depot  
  46  4:50  Marine x2  
  46  4:52  Marine  
  49  4:53  SCV  
  49  4:54  SCV  
  49  4:56  SCV  
  52  5:05  SCV  
  52  5:06  Factory Tech Lab, SCV  
  54  5:09  SCV  
  54  5:13  Medivac x2  
  59  5:14  Supply Depot  
  59  5:18  Marine x2, SCV  
  62  5:23  Supply Depot  
  62  5:24  SCV x2  
  62  5:26  Barracks Reactor  
  64  5:30  Marine, SCV  
  64  5:31  Refinery  
  66  5:35  Marine  
  66  5:36  Marine, SCV  
  66  5:38  Siege Tank  
  66  5:40  Supply Depot, Orbital Command  
  72  5:45  SCV  
  72  5:48  SCV  
  74  5:52  Marine  
  74  5:53  Marine  
  76  5:57  SCV  
  76  5:59  Combat Shield, Supply Depot  
  76  6:00  SCV  
  76  6:02  Marine x3  
  76  6:03  Medivac  
  83  6:05  SCV  
  83  6:09  SCV  
  83  6:10  Marauder  
  87  6:11  Marine  
  87  6:13  Siege Tank  
  91  6:21  Supply Depot  
  91  6:22  Barracks  
  91  6:23  Barracks, SCV x3  
  94  6:27  Medivac  
  94  6:31  Marine  
  94  6:32  Marine x2  
  98  6:35  SCV, Medivac  
  101  6:42  SCV  
  92  6:50  Marine x4, Marauder  
  92  6:52  SCV x2  
  92  6:54  SCV, Siege Tank  
  92  6:58  Terran Infantry Armor Level 1  
  96  7:04  Refinery, SCV  
  96  7:05  Refinery  
  96  7:07  SCV x2  
  99  7:10  Barracks Tech Lab x2  
  99  7:13  Marine, Marauder, Viking  
  99  7:15  Viking  
  106  7:16  SCV  
  106  7:17  Supply Depot  
  106  7:19  SCV  
  106  7:21  SCV, Supply Depot  
  109  7:31  Concussive Shells  
  109  7:38  Supply Depot  
  109  7:39  Marine x4, Marauder x2  
  109  7:43  Marauder  
  109  7:44  Starport  
  119  7:47  Starport  
  119  7:49  Command Center  
  119  7:51  Factory Reactor, Viking  
  121  7:55  Viking  
  123  8:03  Marine x2  
  123  8:04  Marine x2, Marauder x3  
  105  8:14  SCV x2  
  105  8:15  SCV  
  105  8:18  Supply Depot  
  105  8:19  Armory  
  108  8:21  Marine x3  
  108  8:23  Viking  
  108  8:25  Marauder x2  
  108  8:26  Marauder, SCV  
  122  8:29  Raven  
  122  8:31  SCV  
  124  8:34  SCV  
  124  8:38  SCV  
  124  8:40  Viking x2  
  124  8:41  Supply Depot x2  
  129  8:43  SCV  
  129  8:45  Marine  
  129  8:46  Marauder x2  
  129  8:47  Liberator  
  135  8:51  Viking  
  137  8:56  Engineering Bay  
  137  8:58  Fusion Core  
  137  9:02  Orbital Command  
  140  9:11  Refinery, Terran Vehicle And Ship Armor Level 1  
  140  9:12  Refinery  
  140  9:14  Viking  
  142  9:19  SCV x2  
  142  9:22  Supply Depot  
  144  9:25  Viking x2  
  144  9:27  Liberator  
  145  9:32  SCV x2  
  145  9:36  Terran Infantry Weapons Level 2  
  145  9:37  SCV x2  
  144  9:39  Liberator  
  144  9:44  SCV x2  
  149  9:49  SCV x2, Advanced Ballistics  
  149  9:52  Command Center  
  150  9:57  SCV  
  150  9:58  SCV  
  155  10:01  SCV x2  
  155  10:04  Liberator, Supply Depot  
  155  10:06  Raven  
  159  10:09  Viking  
  159  10:13  Command Center, SCV x3  
  164  10:20  Supply Depot  
  167  10:24  Liberator  
  167  10:25  Terran Infantry Armor Level 2  
  167  10:27  SCV  
  168  10:29  Armory  
  168  10:34  Marine, Marauder  
  171  10:41  Viking  
  176  10:43  Viking  
  178  10:52  Raven  
  178  10:54  Command Center  
  180  11:00  Barracks x2  
  180  11:03  Barracks  
  180  11:04  Medivac  
  182  11:11  Medivac  
  183  11:22  Viking  
  183  11:24  Viking  
  183  11:25  Command Center  
  186  11:29  Orbital Command  
  186  11:34  Viking  
  186  11:38  Viking  
  190  11:41  Viking  
  186  11:59  Liberator, Viking  
  186  12:00  Viking  
  177  12:05  Viking  
  177  12:08  Marine x2, Marauder, Viking  
  162  12:09  Marauder  
  162  12:15  Marine x2, Marauder  
  147  12:24  Barracks Tech Lab, Barracks Reactor  
  147  12:25  Barracks Tech Lab  
  152  12:30  Marauder x2  
  152  12:34  Marine  
  152  12:36  Marauder  
  139  12:38  Marine  

Tags
 
Add a new tag
Caveats
  • Supply blocks, unpowered buildings, or Contaminate may cause inaccurate times.
  • Supply counts are checked every 10 seconds.